 Dungeon Crawl Stone Soup version 0.31-a0-115-g4708a659fe (webtiles) character file.

Game seed: 12723367439316047278

133 DonkyDonker the Trooper (level 5, -7/54 HPs)
             Began as an Ogre Reaver on May 29, 2023.
             Killed by divine providence
             ... invoked by an orc priest
              (11 damage)
             ... on level 4 of the Dungeon.
             The game lasted 00:28:11 (2305 turns).

DonkyDonker the Trooper (Ogre Reaver)               Turns: 2305, Time: 00:28:12

Health: -7/54      AC:  3    Str: 16    XL:     5   Next: 16%
Magic:  8/8        EV: 10    Int: 14    God:
Gold:   93         SH:  0    Dex:  9    Spells: 8/9 levels left

rFire   . . .        a - +0 spear
rCold   . . .        (no shield)
rNeg    . . .        b - +0 robe
rPois   .            (helmet restricted)
rElec   .            (no cloak)
rCorr   .            (gloves unavailable)
SInv    .            (boots unavailable)
Will    .....        (no amulet)
Stlth   +            (no ring)
HPRegen 0.29/turn    (no ring)
MPRegen 0.11/turn

%: no passive effects
@: no status effects
A: large, unfitting armour, tough skin 1
a: no special abilities


You were on level 4 of the Dungeon.
You visited 1 branch of the dungeon, and saw 4 of its levels.

You collected 93 gold pieces.

Inventory:

Hand Weapons
 a - a +0 spear (weapon)
 k - a +1 rapier of electrocution
Missiles
 c - 3 poisoned darts
 g - 6 boomerangs (quivered)
Armour
 b - a +0 robe (worn)
Magical Staves
 i - a staff of poison
Scrolls
 h - a scroll of noise {unknown}
 j - a scroll of amnesia {unknown}
 l - a scroll of teleportation {unknown}
 m - 2 scrolls of poison {unknown}
 n - 2 scrolls of identify {unknown}
Potions
 e - a potion of lignification
 f - 2 potions of enlightenment
 o - a potion of might {unknown}


   Skills:
 + Level 4.0 Fighting
 + Level 1.1 Short Blades
 + Level 3.9 Polearms
 + Level 1.3 Throwing
 + Level 2.4 Dodging
 - Level 2.5 Spellcasting
 - Level 3.0 Conjurations


You had 8 spell levels left.
You knew the following spells:

 Your Spells              Type           Power      Damage    Failure   Level
a - Kiss of Death         Conj/Necr      20%        2d7       12%         1

Your spell library contained the following spells:

 Spells                   Type           Power      Damage    Failure   Level
 Momentum Strike          Conj/Tloc      10%        3d8       19%         2
 Poisonous Vapours        Pois/Air       2%         N/A       34%         2
 Hailstorm                Conj/Ice       5%         3d4       36%         3
 Mephitic Cloud           Conj/Pois/Air  4%         N/A       41%         3
 Animate Dead             Necr           1%         N/A       92%         4
 Borgnjor's Vile Clutch   Necr/Erth      0%         N/A       99%         5
 Freezing Cloud           Conj/Ice/Air   2%         6-21      99%         5
 Death Channel            Necr           0%         N/A       100%        6


Dungeon Overview and Level Annotations

Branches:
Dungeon (4/15)
 Temple: D:4-7

Altars:


Innate Abilities, Weirdness & Mutations

You are too large for most types of armour.
You have tough skin. (AC +1)


Message History

You kill the hobgoblin!
You hit the orc.
The orc is heavily wounded.
The orc hits you with a +0 dagger.
* * * LOW HITPOINT WARNING * * *
You hit the orc but do no damage.
The orc is heavily wounded.
The orc barely misses you.
You hit the orc but do no damage.
The orc is heavily wounded.
The orc hits you but does no damage.
You hit the orc.
The orc is almost dead.
You hit the orc but do no damage.
The orc is almost dead.
The orc hits you with a +0 dagger.
* * * LOW HITPOINT WARNING * * *
You hit the orc.
You kill the orc!
Your Fighting skill increases to level 4!
You start resting.
You are starting to lose your buoyancy.
You start resting.
An orc priest comes into view. It is wielding a +0 club.
The orc priest shouts!
You hear a shout!
The orc priest casts a cantrip, but nothing happens.
Items here: )) [ ††.
You float gracefully downwards.
Your enlightenment fades.
An orc priest is nearby!
An orc priest is nearby!
The orc priest invokes the aid of Beogh against you.
Beogh smites you!
* * * LOW HITPOINT WARNING * * *
An adder comes into view.
The adder hisses angrily.
There is a stone staircase leading up here.
The orc priest calls down the wrath of Beogh upon you.
Beogh smites you!
You die... ~~~≈≈≈~ ♣P~PPPP

~..PP~. .......##
..........###
#...........##
##............##
#........S@....#
#.............##
##............##
#............##
#.......†...##
###............#
#.≈...≈.....#.o##
.≈≈≈.≈≈§...###..#
.§≈...≈..###
#..###


You could see an orc priest and an adder.

Vanquished Creatures
  A scorpion (D:4)
  An adder (D:2)
  3 worms
  A dart slug (D:1)
  5 orcs
  4 ball pythons
  2 endoplasms (D:2)
  3 giant cockroaches
  6 goblins
  6 hobgoblins
  2 quokkas (D:1)
  5 bats
  4 kobolds
  A rat (D:3)
44 creatures vanquished.

Notes
Turn   | Place    | Note
-------+----------+-------------------------------------------
     0 | D:1      | DonkyDonker the Ogre Reaver began the quest for the Orb.
     0 | D:1      | Reached XP level 1. HP: 22/22 MP: 3/3
   425 | D:1      | Found a faded altar of an unknown god.
   470 | D:1      | Reached XP level 2. HP: 29/29 MP: 3/5
  1092 | D:2      | Reached skill level 3 in Fighting
  1092 | D:2      | Reached XP level 3. HP: 34/37 MP: 6/6
  2064 | D:2      | Reached XP level 4. HP: 33/45 MP: 7/7
  2133 | D:4      | Noticed a scorpion
  2144 | D:4      | Killed a scorpion
  2145 | D:4      | Reached skill level 1 in Short Blades
  2145 | D:4      | Reached skill level 1 in Throwing
  2145 | D:4      | Reached XP level 5. HP: 23/54 MP: 8/8
  2271 | D:4      | Reached skill level 4 in Fighting
  2296 | D:4      | HP: 1/54 [orc priest/divine providence (15)]
  2305 | D:4      | Killed from afar by an orc priest

Illustrated notes

Levels and vault maps discovered:
D:1:      minmay_arrival_widening_spiral_wide, layout_rooms, serial_forest,
          infiniplex_forest_lined_1, infiniplex_forest_zigzag_1,
          infiniplex_forest_end_3, infiniplex_forest_lined_3_way,
          infiniplex_forest_lined_3, infiniplex_forest_lined_2,
          infiniplex_forest_clump_double, shapermc_ecumenical_altar_acropolis
D:2:      layout_basic
D:3:      layout_basic, nicolae_overflow_hidden_temple, minmay_strange_pillars
D:4:      layout_cave_pods, chequers_temple_overflow_statue_of_worship,
          tso_oasis_becter, minmay_misc_feat_pillars, serial_bayou_lagoon_a,
          minmay_misc_feat_tower, kennysheep_path_1, kennysheep_doodads,
          minmay_misc_feat_diagonals

Skill      XL: |  1  2  3  4  5 |
---------------+----------------+-----
Conjurations   | 3 |  3.0
Fighting       | 3 4 |  4.0
Dodging        | 2 |  2.4
Short Blades   | 1 |  1.1
Throwing       | 1 |  1.3
Polearms       | |  3.9
Spellcasting   | |  2.5

Action                     |  1- 3 |  4- 6 || total
---------------------------+-------+-------++-------
  Melee: Spear             |    82 |    47 ||   129
         Rapier            |    41 |    16 ||    57
         Punch             |     1 |       ||     1
  Throw: Dart              |     8 |     1 ||     9
         Boomerang         |     1 |       ||     1
    Use: Potion            |       |     3 ||     3
 Armour: Robe              |    31 |    18 ||    49
         Skin              |       |    16 ||    16
  Dodge: Dodged            |    71 |    40 ||   111

Table legend: (Time is in decaauts)
 A = Elapsed time spent in this place.
 B = Non-inter-level travel time spent in this place.
 C = Inter-level travel time spent in this place.
 D = Time resting spent in this place.
 E = Time spent auto-exploring this place.
 F = Levels seen in this place.
 G = Mean time per level.
                   A        B        C        D        E       F      G
               +--------+--------+--------+--------+--------+-----+--------+
         Total |   2307 |   1364 |    943 |    426 |    348 |   4 |  576.8 |
       Dungeon |   2307 |   1364 |    943 |    426 |    348 |   4 |  576.8 |
               +--------+--------+--------+--------+--------+-----+--------+

Top non-repeatable levels by time:
     D:1: 1084 daAuts
     D:2: 1016 daAuts
     D:4: 168 daAuts
     D:3: 38 daAuts
